 Dungeon Crawl Stone Soup version 0.28.0-43-g3370ac3207 (webtiles) character file.

Game seed: 9666766760032272243

44 Lambsauce the Stinger (level 3, -2/26 HPs)
             Began as a Draconian Venom Mage on Mar 7, 2022.
             Shot with a stone by a goblin (4 damage)
             ... led by Robin
             ... on level 2 of the Dungeon.
             The game lasted 00:08:29 (1468 turns).

Lambsauce the Stinger (Draconian Venom Mage)        Turns: 1468, Time: 00:08:30

Health: -2/26      AC:  5    Str: 10    XL:     3   Next: 41%
Magic:  4/6        EV: 12    Int: 17    God:
Gold:   54         SH:  0    Dex: 11    Spells: 4/7 levels left

rFire   . . .      SeeInvis .   e - +0 dagger (venom)
rCold   . . .      Faith    .   (no shield)
rNeg    . . .      Spirit   .   (armour unavailable)
rPois   .          Reflect  .   (helmet restricted)
rElec   .          Harm     .   (no cloak)
rCorr   .          Rampage  .   (no gloves)
Will    .....                   (no boots)
Stlth   ++........              (no amulet)
HPRegen 0.08/turn               (no ring)
MPRegen 0.10/turn               (no ring)

@: no status effects
A: AC +5, unfitting armour, cold-blooded
a: no special abilities


You were on level 2 of the Dungeon.
You visited 1 branch of the dungeon, and saw 2 of its levels.

You collected 54 gold pieces.

Inventory:

Hand Weapons
 b - a +0 short sword
 e - a +0 dagger of venom (weapon)
Missiles
 a - 5 poisoned darts (quivered)
Scrolls
 c - a scroll of torment {unknown}
 d - a scroll of acquirement {unknown}
 f - a scroll of blinking {unknown}


   Skills:
 + Level 0.2 Fighting
 + Level 2.0 Dodging
 + Level 1.9 Stealth
 + Level 2.6 Spellcasting
 + Level 1.2 Transmutations
 + Level 0.1 Air Magic
 + Level 3.6 Poison Magic


You had 4 spell levels left.
You knew the following spells:

 Your Spells              Type           Power      Damage    Failure   Level
a - Sting                 Tmut/Pois      40%        1d5       7%          1
b - Poisonous Vapours     Pois/Air       16%        N/A       13%         2

Your spell library contained the following spells:

 Spells                   Type           Power      Damage    Failure   Level
 Wereblood                Tmut           6%         N/A       17%         2
 Static Discharge         Conj/Air       2%         N/A       26%         2
 Sublimation of Blood     Necr           2%         N/A       28%         2
 Mephitic Cloud           Conj/Pois/Air  6%         N/A       32%         3
 Olgreb's Toxic Radiance  Pois           14%        N/A       36%         4
 Lightning Bolt           Conj/Air       1%         1d12      99%         5
 Summon Hydra             Summ           1%         N/A       100%        7
 Maxwell's Capacitive Co  Air            1%         ∞         100%        8


Dungeon Overview and Level Annotations

Branches:
Dungeon (2/15)

Altars:


Innate Abilities, Weirdness & Mutations

Your plain brown scales are hard. (AC +5)
You cannot fit into any form of body armour.
You are cold-blooded and may be slowed by cold attacks.


Message History

The sting hits Robin.
Robin looks as sick as possible!
Robin is moderately wounded.
Robin hits you but does no damage.
You hit Robin.
Robin looks as sick as possible!
Robin is severely wounded.
Robin throws the goblin at you! The goblin hits you but does no damage.
You closely miss the goblin. Robin barely misses you.
The goblin closely misses you.
A goblin comes into view. It is wielding a +0 club.
You barely miss the goblin.
The goblin no longer looks unusually strong.
Robin hits you with a +0 dagger. The goblin hits you with a +0 dagger.
You hit the goblin but do no damage.
Your tail-slap misses the goblin.
Robin misses you. The goblin hits you with a +0 dagger.
You miss the goblin.
You kill Robin!
The goblin barely misses you.
You closely miss the goblin. Your punch misses the goblin.
The hobgoblin barely misses you. The goblin hits you but does no damage.
You closely miss the goblin. The hobgoblin hits you.
The goblin hits you with a +0 dagger.
You barely miss the goblin.
You tail-slap the goblin, but do no damage.
The hobgoblin barely misses you. The goblin hits you with a +0 dagger.
You hit the goblin.
The goblin is poisoned.
The goblin is severely wounded.
The hobgoblin closely misses you. The goblin barely misses you.
You hit the goblin but do no damage.
The goblin looks as sick as possible!
Your tail-slap misses the goblin.
The goblin is severely wounded.
You kill the goblin!
The hobgoblin hits you.
* * * LOW HITPOINT WARNING * * *
Found a stone staircase leading down.
You see here a +0 dagger.
The hobgoblin throws a stone.
The stone closely misses you.
The hobgoblin no longer looks unusually strong.
The hobgoblin throws a stone.
The stone hits you but does no damage.
The goblin shoots a stone.
The stone hits you.
You die...

.g# ..##### .......
....... ......# .....#
....... (.....#
#....##.....# †.gg..#
#.....#..... ......#
#.....#...## ....).#
+.......... ...g.g#
#....#..###### ......#
#..g..@>......
......#####g...##########
......g.gg).....<.......#
......g########..######.#
####....................#
#.#.##.###############
#.####.# ..# #.# #### ..#


You could see a hobgoblin (strong) and 2 goblins.

Vanquished Creatures
  Robin (D:2)
  A dart slug (D:2)
  A bat (D:1)
  5 endoplasms (D:1)
  A giant cockroach (D:1)
  5 goblins
  4 hobgoblins
  A jackal (D:2)
  3 kobolds (D:1)
  2 ball pythons (D:1)
  A frilled lizard (D:1)
  A rat (D:1)
26 creatures vanquished.

Notes
Turn   | Place    | Note
-------+----------+-------------------------------------------
     0 | D:1      | Lambsauce the Draconian Venom Mage began the quest for the
                  | Orb.
     0 | D:1      | Reached XP level 1. HP: 14/14 MP: 3/3
   250 | D:1      | Reached XP level 2. HP: 20/20 MP: 1/5
   520 | D:1      | Learned a level 2 spell: Poisonous Vapours
  1409 | D:2      | Reached XP level 3. HP: 26/26 MP: 1/6
  1430 | D:2      | Noticed Robin
  1456 | D:2      | Killed Robin
  1468 | D:2      | Shot with a stone by a goblin

Illustrated notes

Levels and vault maps discovered:
D:1:      eino_arrival_water_star, layout_basic, corexii_corridor_pit,
          chequers_serial_rivers_room_b
D:2:      layout_basic, hellmonk_ecumenical_altar_prayer_group,
          minmay_misc_feat_square, uniq_robin

Skill      XL: |  1  2 |
---------------+-------+-----
Dodging        | 2 |  2.0
Fighting       | |  0.2
Stealth        | |  1.9
Spellcasting   | |  2.6
Transmutations | |  1.2
Air Magic      | |  0.1
Poison Magic   | |  3.6

Action                   || total
-------------------------++-------
Melee: Unarmed           ||     3
       Tailslap          ||     5
       Dagger            ||    25
       Short sword       ||    10
Throw: Dart              ||     4
 Cast: Sting             ||    26
       Poisonous Vapours ||     7
  Use: Scroll            ||     1
Armor: Skin              ||    24
Dodge: Dodged            ||    39
